 Dungeon Crawl Stone Soup version 0.29-a0-350-g7790a0e70a (webtiles) character file.

Game seed: 15335008175749587377

567007 jlumianski the End of an Era (level 25, -10/190 HPs)
             Began as a Demonspawn Fighter on Apr 17, 2022.
             Was the Champion of Qazlal.
             Mangled by Vv (27 damage)
             ... on level 3 of the Depths on Apr 22, 2022.
             The game lasted 06:28:43 (57634 turns).

jlumianski the End of an Era (Demonspawn Fighter)  Turns: 57634, Time: 06:28:45

Health: -10/190    AC: 31    Str: 31    XL:     25   Next: 52%
Magic:  38/38      EV: 10    Int: 17    God:    Qazlal [******]
Gold:   4069       SH: 24    Dex: 15    Spells: 18/30 levels left

rFire   . . .      SeeInvis .   T - +9 broad axe (spect)
rCold   + . .      Faith    .   s - +3 warlock's mirror {reflect}
rNeg    . . .      Spirit   .   f - +2 plate armour {rF+}
rPois   +          Reflect  +   B - +2 helmet
rElec   .          Harm     .   (cloak unavailable)
rCorr   +          Rampage  .   D - +0 pair of gloves of Sloth {rPois Slay+2}
Will    +++..                   L - +2 pair of boots {Fly}
Stlth   ..........              e - amulet of Loudwuip {RegenMP rCorr Dex+2 Stlth+}
HPRegen 1.41/turn               C - ring of Finality {Ice Will+ Str+4 Slay+3}
MPRegen 0.66/turn               k - +4 ring of slaying

@: frozen, protected from physical damage, flying, studying 2 skills, repel
missiles, very slow
A: powered by death 3, spiny 3, big brain 3, corrupting presence 2, word of
chaos, weakness stinger 3, large bone plates 1, frail 1, strong-willed 1
}: 3/15 runes: decaying, serpentine, silver
a: Word of Chaos, Renounce Religion, Upheaval, Elemental Force, Disaster Area


You were on level 3 of the Depths.
You worshipped Qazlal.
Qazlal was exalted by your worship.
You visited 9 branches of the dungeon, and saw 44 of its levels.
You visited the Abyss 1 time.
You visited 1 bazaar.
You also visited: Trove, Ossuary, Ice Cave, Volcano and Desolation.

You collected 7167 gold pieces.
You spent 3098 gold pieces at shops.

Inventory:

Hand Weapons
 j - the +10 trident of the Hungering Gods {speed, Str+3}
   (You found it on level 3 of the Elven Halls)

   Attacks with this weapon are significantly faster.
   Str:       It affects your strength (+3).
 T - a +9 spectral broad axe (weapon)
Missiles
 g - 4 throwing nets
 n - 16 atropa-tipped darts
 p - 9 boomerangs (quivered)
 q - 5 boomerangs of dispersal
 H - 6 silver javelins
Armour
 a - +0 fire dragon scales
 f - a +2 plate armour of fire resistance (worn)
 s - the +3 warlock's mirror (worn) {reflect}
   (You found it on level 2 of the Vaults)

   It can block and reflect piercing ranged attacks and magical attacks against
   the wielder's willpower.
 B - a +2 helmet (worn)
 D - the +0 pair of gloves of Sloth (worn) {rPois Slay+2}
   (You found it on level 1 of the Depths)

   Slay:      It affects your accuracy & damage with ranged weapons and melee
   (+2).
   rPois:     It protects you from poison.
 L - a +2 pair of boots of flying (worn)
Jewellery
 e - the amulet of Loudwuip (around neck) {RegenMP rCorr Dex+2 Stlth+}
   (You found it in the Desolation of Salt)

   [amulet of magic regeneration]

   It increases your rate of magic regeneration.
   Dex:       It affects your dexterity (+2).
   rCorr:     It protects you from acid and corrosion.
   Stlth:     It makes you more stealthy.
 k - a +4 ring of slaying (right hand)
 y - the ring of Ignis's Generosity {rF+ rCorr Str+5}
   (You took it off a ragged hierophant in the Desolation of Salt)

   [ring of resist corrosion]

   Str:       It affects your strength (+5).
   rF:        It protects you from fire.
   rCorr:     It protects you from acid and corrosion.
 C - the ring of Finality (left hand) {Ice Will+ Str+4 Slay+3}
   (You took it off a servant of whispers in the Desolation of Salt)

   [ring of ice]

   It enhances your ice magic.
   Str:       It affects your strength (+4).
   Slay:      It affects your accuracy & damage with ranged weapons and melee
   (+3).
   rF:        It makes you vulnerable to fire.
   rC:        It protects you from cold.
   Will:      It increases your willpower.
Wands
 F - a wand of acid (26)
 K - a wand of paralysis (23)
 Q - a wand of digging (24)
 R - a wand of mindburst (19)
 W - a wand of iceblast (24)
Scrolls
 A - 9 scrolls of blinking
 G - 7 scrolls of fear
 O - 10 scrolls of fog
 S - a scroll of summoning
 U - 15 scrolls of teleportation
 V - 6 scrolls of silence
Potions
 d - 12 potions of might
 l - 22 potions of curing
 m - 3 potions of berserk rage
 o - 9 potions of haste
 r - 9 potions of invisibility
 v - 8 potions of heal wounds
 w - 7 potions of resistance
 z - 3 potions of cancellation
Miscellaneous
 c - a condenser vane (inert)
 J - a lightning rod (4/4)
 Y - a phantom mirror


   Skills:
 * Level 20.7 Fighting
 - Level 17.8(18.0) Axes
 - Level 4.0(12.3) Polearms
 + Level 4.5 Throwing
 + Level 15.6 Armour
 + Level 4.4 Dodging
 - Level 0.4 Stealth
 + Level 18.3 Shields
 + Level 3.3 Spellcasting
 * Level 11.7 Necromancy
 * Level 23.2 Invocations
 * Level 17.7 Evocations


You had 18 spell levels left.
You knew the following spells:

 Your Spells              Type           Power      Damage    Failure   Level
a - Vampiric Draining     Necr           42%        2d9       1%          3
b - Animate Dead          Necr           21%        N/A       3%          4
c - Agony                 Necr           42%        N/A       9%          5

Your spell library contained the following spells:

 Spells                   Type           Power      Damage    Failure   Level
 Animate Skeleton         Necr           84%        N/A       1%          1
 Pain                     Necr           100%       1d9       1%          1
 Sublimation of Blood     Necr           42%        N/A       1%          2
 Dispel Undead            Necr           42%        3d17      3%          4
 Corpse Rot               Necr/Air       44%        N/A       5%          2
 Excruciating Wounds      Necr           21%        N/A       9%          5
 Anguish                  Hex/Necr       11%        N/A       32%         4
 Apportation              Tloc           4%         N/A       34%         1
 Beastly Appendage        Tmut           4%         N/A       34%         1
 Freeze                   Ice            16%        1d4       34%         1
 Magic Dart               Conj           8%         1d3       34%         1
 Shock                    Conj/Air       8%         1d3       34%         1
 Slow                     Hex            8%         N/A       34%         1
 Sting                    Tmut/Pois      8%         1d3       34%         1
 Summon Small Mammal      Summ           8%         N/A       34%         1
 Death Channel            Necr           21%        N/A       41%         6
 Blink                    Tloc           4%         N/A       45%         2
 Poisonous Vapours        Pois/Air       4%         N/A       45%         2
 Scorch                   Fire           4%         2d5       45%         2
 Searing Ray              Conj           4%         2d4       45%         2
 Static Discharge         Conj/Air       2%         N/A       45%         2
 Wereblood                Tmut           2%         N/A       45%         2
 Borgnjor's Vile Clutch   Necr/Erth      11%        N/A       65%         5
 Call Canine Familiar     Summ           2%         N/A       69%         3
 Confusing Touch          Hex            2%         N/A       69%         3
 Conjure Flame            Conj/Fire      2%         6-21      69%         3
 Dazzling Flash           Conj/Hex       4%         N/A       69%         3
 Frozen Ramparts          Ice            8%         1d2       69%         3
 Ignite Poison            Fire/Tmut/Pois 2%         N/A       69%         3
 Inner Flame              Hex/Fire       2%         N/A       69%         3
 Lesser Beckoning         Tloc           2%         N/A       69%         3
 Ozocubu's Armour         Ice            4%         N/A       69%         3
 Portal Projectile        Hex/Tloc       4%         N/A       69%         3
 Spider Form              Tmut/Pois      2%         N/A       69%         3
 Summon Guardian Golem    Hex/Summ       2%         N/A       69%         3
 Swiftness                Air            2%         N/A       69%         3
 Airstrike                Air            1%         N/A       97%         4
 Cause Fear               Hex            1%         N/A       97%         4
 Fulminant Prism          Conj/Hex       1%         3d6       97%         4
 Ice Form                 Ice/Tmut       4%         N/A       97%         4
 Iskenderun's Mystic Bla  Conj/Tloc      2%         2d3       97%         4
 Leda's Liquefaction      Hex/Erth       1%         N/A       97%         4
 Olgreb's Toxic Radiance  Pois           2%         N/A       97%         4
 Petrify                  Tmut/Erth      2%         N/A       97%         4
 Sticky Flame             Conj/Fire      2%         2d3       97%         4
 Summon Ice Beast         Ice/Summ       4%         N/A       97%         4
 Summon Lightning Spire   Summ/Air       2%         N/A       97%         4
 Simulacrum               Ice/Necr       17%        N/A       99%         6
 Blade Hands              Tmut           1%         N/A       100%        5
 Fireball                 Conj/Fire      1%         3d3       100%        5
 Freezing Cloud           Conj/Ice/Air   2%         6-21      100%        5
 Irradiate                Conj/Tmut      1%         3d13      100%        5
 Iskenderun's Battlesphe  Conj           2%         2d6       100%        5
 Lee's Rapid Deconstruct  Erth           1%         3d5*      100%        5
 Lightning Bolt           Conj/Air       1%         1d12      100%        5
 Manifold Assault         Tloc           2%         N/A       100%        5
 Silence                  Hex/Air        1%         N/A       100%        5
 Summon Mana Viper        Hex/Summ       2%         N/A       100%        5
 Conjure Ball Lightning   Conj/Air       1%         3x3d6     100%        6
 Dispersal                Tloc           1%         N/A       100%        6
 Iron Shot                Conj/Erth      1%         9d1       100%        6
 Starburst                Conj/Fire      1%         6d3       100%        6
 Statue Form              Tmut/Erth      1%         N/A       100%        6
 Summon Cactus Giant      Summ           1%         N/A       100%        6
 Enfeeble                 Hex            1%         N/A       100%        7
 Haunt                    Necr/Summ      11%        N/A       100%        7
 Monstrous Menagerie      Summ           1%         N/A       100%        7
 Orb of Destruction       Conj           1%         9d5       100%        7
 Ozocubu's Refrigeration  Ice            2%         4d5       100%        7
 Spellforged Servitor     Conj/Summ      1%         N/A       100%        7
 Storm Form               Tmut/Air       1%         N/A       100%        7
 Borgnjor's Revivificati  Necr           21%        N/A       100%        8
 Discord                  Hex            1%         N/A       100%        8
 Disjunction              Tloc           1%         N/A       100%        8
 Ignition                 Fire           1%         3d3       100%        8
 Infestation              Necr           21%        N/A       100%        8
 Fire Storm               Conj/Fire      1%         7d1       100%        9
 Polar Vortex             Ice            2%         N/A       100%        9


Dungeon Overview and Level Annotations

Branches:
Dungeon (15/15)            Temple (1/1) D:5            Lair (6/6) D:9
  Swamp (4/4) Lair:2        Snake (4/4) Lair:4        Slime (0/5) Lair:5
    Orc (2/2) D:12            Elf (3/3) Orc:2        Vaults (5/5) D:13
  Crypt (0/3) Vaults:3     Depths (4/4) D:15        Ossuary (visited)
  IceCv (visited)         Volcano (visited)         Desolation (visited)
    Zot: Depths:4

Altars:
Dithmenos
Elyvilon
Fedhas
Gozag
Hepliaklqana
Kikubaaqudgha
Makhleb
Nemelex Xobeh
Qazlal
Ru
Sif Muna
Trog
Vehumet
Wu Jian
Xom
Yredelemnul
Zin
The Shining One
Beogh
Jiyva

Shops:
D:11 (   D:12 !:**:   D:14 (   Orc:2 !!!*   Elf:2 *   Elf:3 ([   Snake:1 ::=
Snake:2 (*(   Vaults:1 (   Depths:2 [=?[

Portals:
Hell: Depths:1 Depths:2 Depths:3
Abyss: Depths:2 Depths:3
Pandemonium: Depths:1 Depths:2
Ziggurat: Depths:3

Annotations:
Swamp:3 2 transporters, quokkamancerX's ghost, adept MiBe
Depths:3 Vv


Innate Abilities, Weirdness & Mutations

You regenerate a lot of health from kills.
You are completely covered in sharp spines.
You have an absolutely massive brain. (Int +6, Wiz)
Your presence sometimes corrodes or deforms those you injure.
You can speak a Word of Chaos.
You have a sharp stinger which inflicts weakening toxins.
You are partially covered in large bone plates. (SH +4)
You are frail. (-10% HP)
You are strong-willed. (Will+)


Message History

The deep troll shaman barely misses you.
You fly upwards.
There is a stone staircase leading down here.
You barely miss Vv.
Vv is lightly damaged.
You slash the stone giant! You slash the deep troll shaman!
You slash the deep troll!
Your +9 spectral broad axe hits the stone giant.
Your +9 spectral broad axe hits the deep troll shaman.
Vv hits you!! Vv freezes you! You resist. You block Vv's attack.
You slash Vv!
Vv is lightly damaged.
You slice the stone giant!! You slice the deep troll shaman!!
You kill the deep troll shaman!
Qazlal accepts your kill.
You slash the deep troll!
Your +9 spectral broad axe hits the stone giant!
Your +9 spectral broad axe is engulfed in blazing flames.
The stone giant is struck by your spines.
The stone giant hits you!!
* * * LOW HITPOINT WARNING * * *
Your resistance to cold fades away.
You feel protected from physical attacks.
You block the deep troll's attack. x2
The deep troll claws you but does no damage.
Your +9 spectral broad axe is engulfed in blazing flames.
Clouds of freezing vapour condense around you!
The condenser dries out!
Vv calls freezing cold from the walls.
The frost grips you!! You partially resist.
* * * LOW HITPOINT WARNING * * *
You are encased in ice.
You block the stone giant's attack.
The deep troll is engulfed in freezing vapours.
You block the deep troll's attack.
The deep troll claws you but does no damage. x2
You feel much better. Vv hits you!!
* * * LOW HITPOINT WARNING * * *
Vv freezes you!! You resist.
You die...

#####.8.#########[###.8.##.###.≈≈
.........(..................##.≈#
.#.#.#.#.#.#.#.#...#.#.#.#.###.≈#
############################ #.≈≈
### ### ###############...
..#####'# #.......^#....####
..#>....# #.§§..........####
..#.##..# #T9§..........)...
..'.....# #@C§..........###.
'##'###'#### #§○§..∩.......# ##
.[.........#####..°......#####
.........∩.'(.##.........#
.......[...##.##[........#
...........##..'........##
...........##.##.....[..#
...........#####........#
############ ##########


You could see Vv, a stone giant and a deep troll.

Vanquished Creatures
  3 ancient liches
  Mara (Swamp:3)
  5 dread liches
  Sojobo (Vaults:4)
  Vashnia (Snake:4)
  Saint Roka (Elf:2)
  A shard shrike (IceCv)
  2 bone dragons
  Jorgrun (Orc:1)
  2 tentacled monstrosities
  4 titans (Vaults:5)
  A walking crystal tome (Depths:4)
  The ghost of Kekav the Imperceptible, an adept FeVM of Ru (Depths:2)
  2 quicksilver dragons
  2 deep elf master archers (Elf:3)
  A walking frostbound tome (Depths:2)
  Mlioglotl (Swamp:1)
  2 deep elf blademasters (Elf:3)
  5 liches
  5 sphinxes
  A thorn hunter (Swamp:4)
  5 storm dragons
  3 shadow dragons
  Frances (D:12)
  8 tengu reavers
  Donald (Snake:1)
  Roxanne (Swamp:3)
  4 nagarajas
  6 fire giants
  An emperor scorpion (shapeshifter) (Vaults:5)
  Aizul (Elf:3)
  8 deep elf sorcerers
  9 frost giants
  2 orc warlords (Orc:1)
  4 iron dragons
  2 imperial myrmidons (Desolation)
  7 deep elf elementalists
  19 vault wardens
  19 ironbound preservers
  5 war gargoyles
  5 ironbound thunderhulks
  23 very ugly things
  7 stone giants
  7 vampire knights
  5 deep elf demonologists
  5 deep elf annihilators
  Azrael (Elf:1)
  An eleionoma (Swamp:2)
  A white draconian (IceCv)
  A red draconian (Volcano)
  A bunyip (Swamp:4)
  3 spark wasps
  13 dire elephants
  3 halazid warlocks (Desolation)
  5 deep elf death magi
  4 crystal guardians
  17 ettins
  12 ragged hierophants (Desolation)
  12 yaktaur captains
  A blizzard demon (Depths:1)
  The ghost of Psyclone the Tainter, a journeyman OpIE of Gozag (D:9)
  4 shambling mangroves (Swamp:4)
  3 fire dragons
  14 deep elf high priests
  7 great orbs of eyes
  4 ice dragons
  Fannar (Orc:1)
  Harold (Lair:1)
  30 vault guards
  5 salamander tyrants
  The ghost of Icykiwko the Destroyer, a journeyman DrCj of Sif Muna (Lair:2)
  3 boulder beetles
  A spriggan zombie (Depths:3)
  14 hydras
  5 spriggan air magi
  7 servants of whispers
  8 ironbound frosthearts
  9 centaur warriors
  11 peacekeepers
  12 naga warriors
  17 two-headed ogres
  The ghost of spaghetti the Cruncher, a journeyman DsGl of Xom (Lair:3)
  Erica (Orc:1)
  4 ghost crabs
  3 ogre magi
  A catoblepas (Lair:5)
  30 dancing weapons
  7 death yaks
  10 alligators
  2 tengu warriors
  A satyr (shapeshifter) (Vaults:5)
  14 anacondas
  A thrashing horror (Abyss:3)
  5 deep troll earth magi
  3 deep troll shamans (Depths:3)
  7 spriggan berserkers
  2 orc high priests
  15 shock serpents
  A soul eater (Depths:2)
  12 naga sharpshooters
  2 titan skeletons
  Nergalle (D:10)
  12 deep elf knights
  8 hell knights (Depths:3)
  A wretched star (Abyss:3)
  A shadow wraith (Vaults:5)
  A sixfirhy (Depths:1)
  3 spriggan druids
  14 salamander mystics
  6 goliath frogs
  8 skeletal warriors
  A storm dragon skeleton (Elf:1)
  A fire crab (D:15)
  4 flayed ghosts
  A spatial maelstrom (Abyss:3)
  2 iron trolls (Depths:2)
  7 bog bodies
  3 spectral hydras (Swamp:4)
  59 deep trolls
  10 wizards
  Pikel (D:4)
  10 naga ritualists
  7 swamp dragons
  A spriggan simulacrum (Elf:1)
  A steelbarb worm (shapeshifter) (Vaults:5)
  2 orange crystal statues
  7 deep elf archers
  An orb spider (shapeshifter) (Depths:1)
  A golden dragon skeleton (Depths:3)
  11 lindwurms
  19 ironbound convokers
  20 deep elf pyromancers
  9 orc knights
  9 phantasmal warriors
  A stone giant zombie (Vaults:2)
  7 harpies
  A tengu zombie (Depths:3)
  4 necromancers
  A wolf spider (D:15)
  6 orc sorcerers
  19 deep elf zephyrmancers
  A shadow dragon skeleton (Vaults:3)
  10 mana vipers
  A faun (shapeshifter) (Vaults:4)
  2 manticores
  42 ugly things
  31 salamanders
  An oklob plant (Swamp:4)
  9 cyclopes
  A human zombie (Vaults:2)
  2 moths of wrath (Lair:3)
  A sphinx skeleton (Elf:1)
  A worldbinder (Elf:2)
  2 rust devils (Depths:1)
  18 naga magi
  Maurice (D:9)
  A fire giant skeleton (Vaults:3)
  14 vault sentinels
  An orange demon (D:10)
  23 elephants
  2 stone giant skeletons
  2 molten gargoyles
  11 guardian serpents
  3 smoke demons (Abyss:3)
  41 black mambas
  2 guardian serpents (shapeshifter)
  An elf skeleton (Vaults:3)
  2 torpor snails (Lair:6)
  7 gargoyles
  Maggie (Lair:1)
  A cane toad (shapeshifter) (Vaults:5)
  2 kobold demonologists (D:10)
  21 cane toads
  43 yaktaurs
  Psyche (D:9)
  23 rime drakes
  7 tengu conjurers
  5 freezing wraiths
  8 komodo dragons
  An ice devil (Depths:1)
  A golden dragon simulacrum (Elf:1)
  8 human skeletons
  3 hydra zombies (Swamp:4)
  A yaktaur skeleton (Vaults:3)
  18 polar bears
  12 tyrant leeches
  15 hornets
  A bloated husk (Swamp:3)
  A tengu simulacrum (Elf:1)
  10 trolls
  29 blink frogs
  A hydra skeleton (Swamp:4)
  Grinder (D:3)
  3 raiju (Abyss:3)
  16 dream sheep
  66 saltlings
  27 slime creatures
  Sigmund (D:2)
  An air elemental (Abyss:3)
  5 flying skulls (Abyss:3)
  An ettin skeleton (Vaults:3)
  2 vampires
  4 ynoxinuls (Abyss:3)
  A spriggan (shapeshifter) (D:15)
  16 water elementals
  5 wyverns
  3 shadows (D:12)
  3 fire elementals
  A neqoxec (Abyss:3)
  3 wraiths
  19 spriggans
  9 basilisks
  A yak (shapeshifter) (Depths:2)
  3 steam dragons
  30 yaks
  A chaos spawn (Abyss:3)
  2 redbacks (shapeshifter)
  15 vampire mosquitoes
  A warg (Elf:2)
  46 nagas
  7 large abominations (Abyss:3)
  15 swamp worms
  17 water moccasins
  3 acid dragons
  3 hell hounds
  3 hydra simulacra (Swamp:4)
  4 sky beasts
  6 swamp drakes
  An ice beast (Abyss:3)
  44 orc warriors
  2 black bears
  An ogre (shapeshifter) (Vaults:4)
  5 swamp dragon zombies (Swamp:4)
  4 boggarts (Vaults:1)
  15 wolves
  25 ogres
  22 centaurs
  2 swamp dragon skeletons (Swamp:4)
  4 lemures (D:4)
  2 phantoms
  3 kobold brigands
  3 scorpions
  2 wyvern zombies (Ossuary)
  18 bullfrogs
  A gnoll sergeant (D:10)
  2 necrophages
  3 earth elementals
  3 water moccasin zombies (Ossuary)
  5 small abominations
  13 killer bees
  10 wights
  2 troll zombies (D:12)
  10 howler monkeys
  4 electric eels (Lair:6)
  3 bullfrog zombies (Ossuary)
  6 centaur zombies (Ossuary)
  15 starcursed masses (Abyss:3)
  3 hounds (D:5)
  2 quasits (Abyss:3)
  22 orc priests
  Crazy Yiuf (D:4)
  2 jellies (D:6)
  2 gnoll shamans
  3 iguanas
  Ijyb (D:4)
  Natasha (thrice) (D:2)
  Terence (D:2)
  27 orc wizards
  4 killer bee zombies (Ossuary)
  4 ogre zombies (D:12)
  The ghost of NateTC the Shield-Bearer, a weakling GrFi (D:5)
  13 mummies (Ossuary)
  14 gnolls
  2 adders
  A shadow imp (D:5)
  4 white imps
  A worm (D:3)
  2 dart slugs
  72 orcs
  6 endoplasms
  A giant cockroach (D:4)
  4 goblins
  3 hobgoblins
  3 jackals (D:1)
  3 quokkas
  5 ball pythons
  3 bats (D:1)
  2 frilled lizards
  3 goblin zombies (D:12)
  4 hobgoblin zombies (D:12)
  8 kobolds
  2 orc skeletons (D:12)
  10 orc zombies (D:12)
  3 rats
  3 plants (Depths:3)
2105 creatures vanquished.

Vanquished Creatures (collateral kills)
  A deep elf blademaster (Elf:3)
  A nagaraja (Snake:4)
  A deep elf annihilator (Elf:3)
  A deep elf death mage (Elf:3)
  A vault guard (D:13)
  A hydra (Swamp:3)
  An ogre mage (Orc:2)
  A deep troll shaman (Depths:2)
  A deep troll earth mage (Depths:2)
  2 naga sharpshooters (Snake:1)
  Amaemon (D:10)
  A salamander mystic (Snake:4)
  A glowing orange brain (Depths:2)
  A deep troll (Depths:2)
  2 oklob plants (Swamp:4)
  2 salamanders (Volcano)
  A manticore (D:15)
  2 gargoyles (D:14)
  A troll (Orc:2)
  2 saltlings (Desolation)
  A steam dragon (Lair:2)
  7 orc warriors (Orc:1)
  3 ogres (Orc:2)
  A bullfrog (Lair:6)
37 creatures vanquished.

Vanquished Creatures (others)
  A storm dragon (Depths:4)
  A deep elf sorcerer (Elf:3)
  An alligator (Swamp:3)
  A deep troll earth mage (Vaults:5)
  A naga sharpshooter (Snake:2)
  A deep elf knight (Elf:3)
  A goliath frog (Swamp:3)
  2 deep elf pyromancers (Elf:1)
  A naga mage (Snake:3)
  A shadow (D:11)
  A centaur (D:13)
  An orc priest (D:15)
  An orc wizard (Orc:2)
  2 orcs (Elf:1)
  46 fungi
  159 plants
  4 withered plants (Ossuary)
225 creatures vanquished.

Grand Total: 2367 creatures vanquished

Notes
Turn   | Place    | Note
-------+----------+-------------------------------------------
     0 | D:1      | jlumianski the Demonspawn Fighter began the quest for the
                  | Orb.
     0 | D:1      | Reached XP level 1. HP: 18/18 MP: 1/1
    90 | D:1      | Found a faded altar of an unknown god.
   158 | D:1      | Gained mutation: You are partially covered in sharp spines.
                  | [demonic ancestry]
   158 | D:1      | Reached XP level 2. HP: 22/24 MP: 2/2
   264 | D:2      | Noticed Sigmund
   853 | D:1      | Gained mutation: You have a small tail. [demonic ancestry]
   853 | D:1      | Reached XP level 3. HP: 27/29 MP: 3/3
  1457 | D:2      | Noticed Natasha
  1463 | D:2      | Killed Natasha
  1637 | D:3      | Reached XP level 4. HP: 35/35 MP: 4/4
  1739 | D:2      | Killed Sigmund
  1740 | D:2      | Reached skill level 1 in Dodging
  1740 | D:2      | Gained mutation: You have an unusually large brain. (Int
                  | +2) [demonic ancestry]
  1740 | D:2      | Reached XP level 5. HP: 41/41 MP: 5/5
  1753 | D:2      | Noticed Terence
  1763 | D:2      | Killed Terence
  1764 | D:2      | Gained mutation: You have an extremely huge brain. (Int +4)
                  | [demonic ancestry]
  1764 | D:2      | Reached XP level 6. HP: 47/47 MP: 6/6
  1950 | D:2      | Noticed Natasha
  1956 | D:2      | Killed Natasha
  1984 | D:2      | Noticed Natasha
  1992 | D:2      | Killed Natasha
  2220 | D:5      | Entered Level 5 of the Dungeon
  2320 | D:5      | Found a runed translucent door.
  2326 | D:5      | Noticed NateTC's ghost (weakling GrFi)
  2346 | D:5      | Killed NateTC's ghost
  2439 | D:5      | Gained mutation: You regenerate a little health from kills.
                  | [demonic ancestry]
  2439 | D:5      | Reached XP level 7. HP: 43/54 MP: 7/7
  2462 | D:5      | Reached skill level 5 in Axes
  2580 | D:5      | Found a staircase to the Ecumenical Temple.
  2603 | Temple   | Entered the Ecumenical Temple
  2747 | Temple   | Became a worshipper of Qazlal Stormbringer
  2807 | D:5      | Found a sand-covered staircase.
  2816 | Ossuary  | Entered an ossuary
  2847 | Ossuary  | Reached skill level 1 in Invocations
  2887 | Ossuary  | Reached skill level 5 in Armour
  2887 | Ossuary  | Gained mutation: You are mostly covered in sharp spines.
                  | [demonic ancestry]
  2887 | Ossuary  | Reached XP level 8. HP: 60/60 MP: 7/9
  2906 | Ossuary  | Reached skill level 2 in Invocations
  3028 | Ossuary  | Reached skill level 3 in Invocations
  3042 | Ossuary  | Reached * piety under Qazlal
  3576 | D:3      | Noticed Grinder
  3598 | D:3      | Paralysed by Grinder for 2 turns
  3601 | D:3      | Paralysed by Grinder for 2 turns
  3605 | D:3      | Paralysed by Grinder for 3 turns
  3608 | D:3      | Killed Grinder
  3922 | D:4      | Reached skill level 4 in Invocations
  3956 | D:4      | Reached XP level 9. HP: 67/67 MP: 12/12
  3979 | D:4      | Found a runed translucent door.
  3980 | D:4      | Noticed Crazy Yiuf
  3989 | D:4      | Killed Crazy Yiuf
  4086 | D:4      | Noticed Pikel
  4097 | D:4      | Killed Pikel
  4098 | D:4      | Reached skill level 5 in Fighting
  4098 | D:4      | Reached skill level 5 in Invocations
  4241 | D:4      | Noticed Ijyb
  4248 | D:4      | Killed Ijyb
  4852 | D:7      | Reached skill level 6 in Invocations
  4990 | D:6      | You fall into a shaft and drop 2 floors!
  5202 | D:7      | Reached ** piety under Qazlal
  5305 | D:8      | Gained mutation: You are completely covered in sharp
                  | spines. [demonic ancestry]
  5305 | D:8      | Reached XP level 10. HP: 57/76 MP: 14/14
  6883 | D:8      | Reached skill level 5 in Shields
  6890 | D:8      | Reached *** piety under Qazlal
  6918 | D:8      | Reached skill level 7 in Invocations
  7185 | D:9      | Noticed Psyche
  7362 | D:9      | Killed Psyche
  7363 | D:9      | Noticed Maurice
  7364 | D:9      | Reached skill level 10 in Axes
  7377 | D:9      | Reached skill level 8 in Invocations
  7408 | D:9      | Killed Maurice
  7529 | D:9      | Identified the +0 leather armour of Hangman {rElec Dex+2}
  7574 | D:9      | Reached skill level 1 in Evocations
  7574 | D:9      | Reached XP level 11. HP: 81/82 MP: 17/17
  7589 | D:9      | Found a runed translucent door.
  7589 | D:9      | Found a shimmering altar of Xom.
  7589 | D:9      | Noticed Psyclone's ghost (journeyman OpIE)
  7589 | D:9      | Noticed a +2 rapier of chaos
  7624 | D:10     | Entered Level 10 of the Dungeon
  7624 | D:10     | Noticed Nergalle
  7635 | D:10     | Killed Nergalle
  7714 | D:9      | Found a staircase to the Lair.
  8015 | Lair:1   | Entered Level 1 of the Lair of Beasts
  8390 | D:10     | Reached **** piety under Qazlal
  8459 | D:10     | Noticed Amaemon
  8467 | D:10     | Killed Amaemon
  8468 | D:10     | Reached skill level 9 in Invocations
  8642 | D:11     | Noticed a two-headed ogre
  8654 | D:10     | Killed a two-headed ogre
  8859 | D:11     | Noticed a two-headed ogre
  9320 | D:11     | Found Weme's Weapon Boutique.
  9566 | D:12     | Reached skill level 10 in Invocations
  9653 | D:12     | Found Zupine's General Store.
  9675 | D:12     | Upgraded the game from 0.29-a0-337-g68df138881 to
                  | 0.29-a0-338-g1ff7896281
  9726 | D:12     | Reached ***** piety under Qazlal
  9778 | D:12     | Found a staircase to the Orcish Mines.
  9847 | D:12     | Found Gaips's Distillery.
  9857 | D:12     | Bought a potion of experience for 600 gold pieces
  9857 | D:12     | Reached skill level 1 in Throwing
  9857 | D:12     | Reached skill level 11 in Invocations
  9857 | D:12     | Gained mutation: You have a tail ending in a sharp stinger.
                  | [demonic ancestry]
  9857 | D:12     | Reached XP level 12. HP: 92/92 MP: 18/20
  9966 | D:12     | Found Lulakif's General Store.
  9974 | D:12     | Reached XP level 13. HP: 87/98 MP: 21/21
 10061 | D:12     | Reached skill level 5 in Evocations
 10072 | D:12     | Found a portal to a secret trove of treasure.
 10269 | D:12     | Noticed Frances
 10290 | D:12     | Killed Frances
 10377 | D:12     | Found Ehuridgh's Book Emporium.
 10427 | D:12     | Identified the +3 trident of Jahulaa {vorpal, rF- rC++
                  | Dex+3}
 10576 | D:12     | Found Soeruppu's Book Shoppe.
 10989 | D:13     | Reached skill level 12 in Invocations
 11059 | D:13     | Found a gate to the Vaults.
 12159 | D:14     | Found Zunameink's Antique Weapon Emporium.
 12384 | D:14     | Gained mutation: Your presence sometimes corrodes those you
                  | injure. [demonic ancestry]
 12384 | D:14     | Reached XP level 14. HP: 87/106 MP: 23/23
 12391 | D:14     | Reached skill level 1 in Polearms
 12465 | D:14     | Bought a glowing broad axe for 175 gold pieces
 12922 | D:14     | Reached skill level 13 in Invocations
 13027 | D:14     | Reached skill level 10 in Armour
 13033 | D:14     | Noticed a war gargoyle
 13056 | D:14     | Killed a war gargoyle
 13288 | D:15     | Entered Level 15 of the Dungeon
 13797 | D:15     | Found a staircase to the Depths.
 13888 | D:15     | Found a stormy altar of Qazlal.
 14362 | Orc:1    | Entered Level 1 of the Orcish Mines
 14374 | Orc:1    | Noticed Fannar
 14393 | Orc:1    | Killed Fannar
 14615 | Orc:2    | Entered Level 2 of the Orcish Mines
 14635 | Orc:1    | Reached skill level 14 in Invocations
 14820 | Orc:1    | Reached ****** piety under Qazlal
 14930 | Orc:1    | Paralysed by an orc sorcerer for 6 turns
 14932 | Orc:1    | Reached XP level 15. HP: 113/113 MP: 25/25
 15120 | Orc:2    | Noticed an orc warlord
 15146 | Orc:1    | Killed an orc warlord
 15326 | Orc:2    | Found Foher's Distillery.
 15326 | Orc:2    | Found Kowk's Assorted Antiques.
 15357 | Orc:2    | Found Miocumep's Distillery.
 15358 | Orc:2    | Found Bine's Distillery.
 15365 | Orc:2    | Found a staircase to the Elven Halls.
 15718 | Orc:1    | Noticed Jorgrun
 15725 | Orc:1    | Noticed an orc warlord
 15728 | Orc:1    | Killed Jorgrun
 15735 | Orc:1    | Killed an orc warlord
 15856 | Orc:1    | Noticed Erica
 15862 | Orc:1    | Killed Erica
 16306 | Orc:2    | Found a shimmering blue altar of Sif Muna.
 16483 | Orc:2    | Bought a potion of attraction for 39 gold pieces
 16489 | Orc:2    | Bought a potion of invisibility for 120 gold pieces
 16500 | Orc:2    | Bought a runed helmet for 202 gold pieces
 16921 | Lair:1   | Noticed Harold
 16925 | Lair:1   | Killed Harold
 17078 | Lair:1   | Noticed Maggie
 17084 | Lair:1   | Killed Maggie
 17096 | Lair:1   | Identified a scroll of acquirement
 17274 | D:12     | Acquired the +8 demon trident of the Harvest {vamp, rCorr
                  | Str+2}
 17276 | D:12     | You paid a toll of a +8 demon trident to enter a treasure
                  | trove
 17277 | Trove    | Entered a treasure trove
 17345 | Trove    | Identified the amulet of Nuovaogo {rPois Regen+ Dex+3}
 17373 | Trove    | Got Ashrak's Volume of Combat Magic and Fire
 17379 | Trove    | Got Sif Muna's Compendium of Congealing Curses
 17439 | D:12     | Upgraded the game from 0.29-a0-338-g1ff7896281 to
                  | 0.29-a0-340-g6efceafd81
 18588 | Lair:2   | Reached skill level 15 in Invocations
 18696 | Lair:2   | Found a staircase to the Swamp.
 18872 | Lair:2   | Reached skill level 10 in Shields
 19107 | Lair:2   | Found a transporter.
 19110 | Lair:2   | Noticed Icykiwko's ghost (journeyman DrCj)
 19153 | Lair:2   | Found a transporter.
 19324 | Lair:2   | Killed Icykiwko's ghost
 19568 | Lair:3   | Found a dark tunnel.
 19576 | Volcano  | Entered a volcano
 19598 | Volcano  | Found a bloodstained altar of Trog.
 19779 | Lair:3   | Found a transporter.
 19785 | Lair:3   | Found a transporter.
 19790 | Lair:3   | Found a bloodstained altar of Trog.
 19801 | Lair:3   | Noticed spaghetti's ghost (journeyman DsGl)
 20811 | Lair:3   | Killed spaghetti's ghost
 20926 | D:9      | Reached skill level 10 in Fighting
 20926 | D:9      | Reached skill level 10 in Evocations
 20926 | D:9      | Gained mutation: You regenerate health from kills. [demonic
                  | ancestry]
 20926 | D:9      | Reached XP level 16. HP: 122/122 MP: 27/27
 20927 | D:9      | Gained mutation: You have an absolutely massive brain. (Int
                  | +6, Wiz) [demonic ancestry]
 20927 | D:9      | Reached XP level 17. HP: 128/128 MP: 28/28
 21150 | Lair:4   | Reached XP level 18. HP: 134/135 MP: 29/29
 21165 | Lair:4   | Reached skill level 16 in Invocations
 21171 | Lair:4   | Found a staircase to the Snake Pit.
 22340 | Lair:5   | Found a staircase to the Slime Pits.
 22357 | Lair:5   | Found a viscous altar of Jiyva.
 22711 | Lair:6   | Entered Level 6 of the Lair of Beasts
 22732 | Lair:6   | Reached skill level 15 in Axes
 23286 | Lair:6   | Identified the +5 halberd "Pyfethriha" {flame, rElec rN+}
 24121 | Snake:1  | Entered Level 1 of the Snake Pit
 24678 | Snake:1  | Found Cuolif's Jewellery Emporium.
 24679 | Snake:1  | Found Gigiel's Book Shop.
 24679 | Snake:1  | Found Baqa's Book Shop.
 24698 | Snake:1  | Bought an amulet of reflection for 510 gold pieces
 24713 | Snake:1  | Reached skill level 17 in Invocations
 25691 | Snake:2  | Noticed Donald
 25707 | Snake:1  | Killed Donald
 25933 | Snake:2  | Found Ythru's Weapon Shop.
 25937 | Snake:2  | Found Kutuiv's General Store.
 25938 | Snake:2  | Found Luneyviw's Weapon Shop.
 26044 | Snake:2  | Reached XP level 19. HP: 125/144 MP: 31/31
 26719 | Snake:3  | Found a frozen archway.
 26752 | IceCv    | Entered an ice cave
 27354 | IceCv    | Noticed a shard shrike
 27364 | IceCv    | Killed a shard shrike
 27445 | IceCv    | Identified the ring "Domidgh" {Ice rCorr Dex+2}
 27453 | IceCv    | Identified the +6 morningstar "Muatsory" {vorpal, rF+
                  | Dex+5}
 29001 | Snake:4  | Entered Level 4 of the Snake Pit
 29106 | Snake:4  | Reached skill level 18 in Invocations
 29269 | Snake:4  | Noticed Vashnia
 29304 | Snake:4  | Killed Vashnia
 29471 | Snake:3  | Reached XP level 20. HP: 129/153 MP: 33/33
 30947 | Snake:4  | Got a serpentine rune of Zot
 31338 | Swamp:1  | Entered Level 1 of the Swamp
 31955 | Swamp:2  | Noticed Mlioglotl
 32059 | Swamp:1  | Killed Mlioglotl
 32277 | Swamp:2  | Found a stormy altar of Qazlal.
 32752 | Swamp:3  | Reached skill level 19 in Invocations
 32823 | Swamp:3  | Noticed Roxanne
 32830 | Swamp:3  | Noticed quokkamancerX's ghost (adept MiBe)
 32833 | Swamp:3  | Found a transporter.
 32840 | Swamp:3  | Noticed Mara
 32851 | Swamp:3  | Noticed jlumianski's illusion
 33018 | Swamp:3  | Noticed jlumianski's illusion
 33031 | Swamp:3  | Noticed jlumianski's illusion
 33044 | Swamp:3  | Killed Mara
 33087 | Swamp:3  | Found a transporter.
 33507 | Swamp:3  | Killed Roxanne
 33855 | Swamp:4  | Entered Level 4 of the Swamp
 34528 | Swamp:4  | Paralysed by a vampire knight for 5 turns
 34627 | Swamp:4  | Found a blossoming altar of Fedhas.
 34725 | Swamp:4  | Found a basalt altar of Yredelemnul.
 34855 | Swamp:4  | Got a decaying rune of Zot
 35139 | Elf:1    | Entered Level 1 of the Elven Halls
 35212 | Elf:1    | Noticed Azrael
 35225 | Elf:1    | Killed Azrael
 35506 | Elf:1    | Found a runed translucent gate.
 35506 | Elf:1    | Found a runed translucent gate.
 35506 | Elf:1    | Found a runed translucent gate.
 35506 | Elf:1    | Found a runed translucent gate.
 35506 | Elf:1    | Found a runed translucent gate.
 35507 | Elf:1    | Found a runed translucent gate.
 35612 | Elf:1    | Gained mutation: You have a sharp stinger which inflicts
                  | weakening toxins. [demonic ancestry]
 35612 | Elf:1    | Reached XP level 21. HP: 121/162 MP: 34/34
 35778 | Elf:1    | Got Epovyw's Compendium of Necromancy
 36170 | Elf:2    | Found a crumbling gateway.
 36259 | Desolati | Entered the Desolation of Salt
 36395 | Desolati | Got the Almanac of Creative Dislocation
 36396 | Desolati | Identified the amulet of Loudwuip {RegenMP rCorr Dex+2
                  | Stlth+}
 36761 | Desolati | Reached skill level 20 in Invocations
 36786 | Desolati | Identified the -7 cloak of Ytamyun {rF+ Will+ Dex+4}
 36841 | Desolati | Identified the ring of Finality {Ice Will+ Str+4 Slay+3}
 36847 | Desolati | Identified the ring of Ignis's Generosity {rF+ rCorr Str+5}
 37061 | Desolati | Got the Handbook of Enthralling Fire
 37212 | Elf:2    | Upgraded the game from 0.29-a0-340-g6efceafd81 to
                  | 0.29-a0-341-g24ffce5b50
 37256 | Elf:2    | Found Qafeth's General Store.
 37259 | Elf:2    | Bought a scroll of enchant weapon for 90 gold pieces
 37488 | Elf:2    | Found a runed translucent gate.
 37488 | Elf:2    | Found a runed translucent gate.
 37488 | Elf:2    | Found a runed translucent gate.
 37596 | Elf:2    | Noticed Saint Roka
 37615 | Elf:2    | Killed Saint Roka
 37871 | Elf:2    | Reached skill level 15 in Evocations
 38010 | Elf:3    | Entered Level 3 of the Elven Halls
 38418 | Elf:3    | Found Xanwonn's Antique Weapon Shoppe.
 38418 | Elf:3    | Noticed Aizul
 38424 | Elf:3    | Killed Aizul
 38435 | Elf:3    | Found Lutyapa's Armour Emporium.
 38467 | Elf:3    | Bought the +1 chain mail of Love and Death {rPois Will+++
                  | rCorr Dex-2} for 466 gold pieces
 38732 | Elf:3    | Reached skill level 15 in Fighting
 38752 | Elf:3    | Reached XP level 22. HP: 130/175 MP: 9/36
 38767 | Elf:3    | Reached skill level 15 in Shields
 38786 | Elf:3    | Cast into level 3 of the Abyss (a deep elf sorcerer)
 38865 | Abyss:3  | Paralysed by an air elemental for 1 turns
 38885 | Abyss:3  | Paralysed by accursed screaming for 1 turns
 38971 | Elf:3    | Escaped the Abyss
 39527 | Elf:3    | Identified the +10 trident of the Hungering Gods {speed,
                  | Str+3}
 40269 | Elf:3    | Identified the +6 war axe "Ili Fuer" {vamp, rElec}
 40337 | Elf:3    | Identified the ring of Yfe Tes {rPois Will+ SInv}
 40342 | Elf:3    | Identified the +8 spear of Wu Jian's Condemnation {freeze,
                  | rElec rC+ Int-2}
 40393 | Elf:3    | Identified the +3 plate armour of the Eternal Fruit {Will-
                  | Dex+5}
 41483 | D:9      | Killed Psyclone's ghost
 41575 | Vaults:1 | Entered Level 1 of the Vaults
 42142 | Vaults:1 | Reached skill level 21 in Invocations
 42822 | Vaults:1 | Identified the +4 robe of the Verdant God {rN+}
 42845 | Vaults:1 | Found a radiant altar of Vehumet.
 42855 | Vaults:1 | Identified the +3 robe of Raher {rF+ Dex+3 Archmagi}
 42958 | Vaults:1 | Found Miblinu's Weapon Emporium.
 43452 | Vaults:2 | You fall into a shaft and drop 1 floor!
 43530 | Vaults:3 | Gained mutation: Your presence sometimes corrodes or
                  | deforms those you injure. [demonic ancestry]
 43530 | Vaults:3 | Reached XP level 23. HP: 160/186 MP: 37/37
 44290 | Vaults:2 | Reached skill level 1 in Necromancy
 44654 | Vaults:2 | Found the +3 warlock's mirror {reflect}
 45278 | Vaults:3 | Found a staircase to the Crypt.
 46193 | Vaults:4 | Noticed Sojobo
 46204 | Vaults:4 | Killed Sojobo
 46341 | Vaults:4 | Reached skill level 5 in Necromancy
 47648 | Vaults:5 | Entered Level 5 of the Vaults
 47685 | Vaults:4 | Gained mutation: You can speak a Word of Chaos. [demonic
                  | ancestry]
 47685 | Vaults:4 | Reached XP level 24. HP: 114/200 MP: 37/37
 47796 | Vaults:5 | Noticed a dread lich
 47801 | Vaults:5 | Noticed a dread lich
 47805 | Vaults:4 | Reached skill level 22 in Invocations
 47845 | Vaults:5 | Noticed a dread lich
 47852 | Vaults:4 | Killed a dread lich
 47856 | Vaults:4 | Killed a dread lich
 47941 | Vaults:4 | Killed a dread lich
 48224 | Vaults:5 | Noticed an ancient lich
 48231 | Vaults:5 | Noticed a dread lich
 48500 | Vaults:5 | Killed an ancient lich
 48504 | Vaults:5 | HP: 8/181 [tengu reaver/+2 long sword of electrocution
                  | (15)]
 48509 | Vaults:4 | Reached skill level 15 in Armour
 48511 | Vaults:4 | Killed a dread lich
 49314 | Vaults:5 | Got a silver rune of Zot
 49324 | Vaults:5 | Identified the +6 broad axe of Integrity {freeze, rElec rC+
                  | Str+3}
 50373 | Vaults:5 | Learned a level 3 spell: Vampiric Draining
 50378 | Vaults:5 | Learned a level 4 spell: Animate Dead
 50409 | Vaults:5 | Got Agaopesi's Incunabulum of Hexes and Fire
 50712 | Vaults:5 | Gained mutation: You are frail. (-10% HP) [mutagenic glow]
 50721 | Vaults:5 | Identified the +0 robe of Twilight {SInv}
 50724 | Vaults:5 | Gained mutation: You are partially covered in large bone
                  | plates. (SH +4) [mutagenic glow]
 50733 | Vaults:5 | Identified the +0 morningstar of Wyrd {vorpal, rN+ Will+
                  | Stlth+}
 50733 | Vaults:5 | Gained mutation: You are strong-willed. (Will+) [mutagenic
                  | glow]
 50743 | Vaults:5 | Identified the +9 whip of Accidental Termination
                  | {antimagic, rF+}
 51680 | Depths:1 | Entered Level 1 of the Depths
 51708 | Depths:1 | Found a bloodstained altar of Trog.
 51777 | Depths:1 | You are sucked into a shaft and drop 1 floor!
 51780 | Depths:2 | Found a gateway to Hell.
 51850 | Depths:2 | Found Zeon's Jewellery Emporium.
 51874 | Depths:2 | Reached skill level 1 in Spellcasting
 51879 | Depths:2 | Found Isuikkoc's Magic Scroll Shop.
 51951 | Depths:2 | Bought a scroll of blinking for 97 gold pieces
 51951 | Depths:2 | Bought a scroll of blinking for 97 gold pieces
 51951 | Depths:2 | Bought a scroll of enchant armour for 97 gold pieces
 51951 | Depths:2 | Bought a scroll of brand weapon for 260 gold pieces
 52000 | Depths:2 | Upgraded the game from 0.29-a0-341-g24ffce5b50 to
                  | 0.29-a0-350-g7790a0e70a
 52218 | Depths:2 | Reached skill level 10 in Necromancy
 52430 | Depths:2 | Found Givad's Armour Boutique.
 52472 | Depths:2 | Found a one-way gate to the infinite horrors of the Abyss.
 52547 | Depths:2 | Found a runed translucent gate.
 52548 | Depths:2 | Found a runed translucent gate.
 52548 | Depths:2 | Found a runed translucent gate.
 52549 | Depths:2 | Found an ancient bone altar of Kikubaaqudgha.
 52549 | Depths:2 | Noticed an ancient lich
 52549 | Depths:2 | Noticed Kekav's ghost (adept FeVM)
 52549 | Depths:2 | Noticed an ancient lich
 52549 | Depths:2 | Noticed a dread lich
 52614 | Depths:2 | Gained mutation: You regenerate a lot of health from kills.
                  | [demonic ancestry]
 52614 | Depths:2 | Reached XP level 25. HP: 160/189 MP: 38/38
 52704 | Depths:2 | Found Cicily's Armour Boutique.
 53043 | Depths:2 | Found a one-way gate leading to the halls of Pandemonium.
 53620 | Depths:1 | Identified the +0 pair of gloves of Sloth {rPois Slay+2}
 53848 | Depths:2 | Killed a dread lich
 53854 | Depths:2 | Killed an ancient lich
 53856 | Depths:2 | Killed an ancient lich
 53858 | Depths:2 | Killed Kekav's ghost
 53866 | Depths:2 | Identified the amulet "Qiushrubb" {Faith rElec rF+ MP+9
                  | Str-2 Int+2}
 53880 | Depths:2 | Identified the +2 pair of gloves "Dioni" {rC- Regen+ Dex+2}
 53887 | Depths:2 | Got Kikubaaqudgha's Incunabulum of Darkness
 53894 | Depths:2 | Learned a level 5 spell: Agony
 53896 | Depths:2 | Identified the +5 hand crossbow "Elahaemn" {venom, rElec
                  | Str+3 Int+2}
 54546 | Depths:3 | Found a flickering gateway to a bazaar.
 54572 | Bazaar   | Entered a bazaar
 54577 | Bazaar   | Found Cumiur's Antique Armour Shop.
 54611 | Bazaar   | Found Ufuegerghi's Book Shop.
 54739 | Depths:3 | Reached skill level 23 in Invocations
 55787 | Depths:2 | Bought the +0 helmet of the Foremost Quests {rC+ Will+
                  | rCorr Dex-5} for 345 gold pieces
 56240 | Depths:3 | Found a one-way gateway to a ziggurat.
 57145 | Depths:4 | Entered Level 4 of the Depths
 57194 | Depths:4 | Noticed Vv
 57634 | Depths:3 | Mangled by Vv

Illustrated notes

Levels and vault maps discovered:
D:1:      dpeg_arrival_boxes_within_box, layout_basic,
          hellmonk_ecumenical_altar_dog_temple
D:2:      layout_loops_cross, minivault_19, uniq_terence, uniq_natasha,
          uniq_sigmund
D:3:      layout_basic, uniq_grinder
D:4:      layout_basic, uniq_crazy_yiuf_cottage, uniq_ijyb, uniq_pikel
D:5:      layout_rooms, minmay_temple_entry_proselytizer,
          ebering_ghost_reflecting_pool, chequers_ossuary_entry_cave
D:6:      layout_loops_corners, grunt_tough_drop
D:7:      layout_cave_pools
D:8:      layout_basic
D:9:      layout_rooms, nicolae_overflow_hidden_temple, lair_entry_dummy,
          ebering_ghost_xom, nicolae_elevator_lobby_asterisk, uniq_psyche,
          uniq_maurice
D:10:     layout_stronghold, uniq_amaemon, uniq_nergalle
D:11:     layout_cave_pools, serial_shops, shop_fountains
D:12:     layout_loops_corners, zombieorc1_lemuel, serial_shops, shop, shop,
          shop, nicolae_shop_crystal, nicolae_shop_advertising_works
          [nicolae_subvault_shop_adworks], enter_trove_2, skrybe_limestone_x,
          uniq_frances
D:13:     layout_irregular_city, grunt_vaults_entry_fortified
D:14:     gargoyle_guard, layout_cross, nicolae_inconvenience_store
D:15:     hangedman_depths_entry_try_elsewhere_first, layout_long_grid,
          grunt_decor_one_mirror, nicolae_qazlal_eye_of_the_storm
Temple:   mainiacjoe_temple_archimedes_tessellation
Lair:1:   layout_cave_pods, uniq_maggie, uniq_harold
Lair:2:   layout_small_grid, swamp_mist, gammafunk_ghost_arena
Lair:3:   layout_roguey, enter_volcano_2, gammafunk_ghost_wrathful_warriors
Lair:4:   layout_regular_city, minmay_snake_entry_guardpost_small,
          lemuel_fruit_tree
Lair:5:   layout_cave_pods, slime_altar_1
Lair:6:   minmay_lair_end_frog_pond, layout_cave_pods, serial_rivers,
          chequers_serial_rivers_small_3, chequers_serial_rivers_marsh,
          chequers_serial_rivers_micro_c, chequers_serial_rivers_micro_d,
          infiniplex_staircase_pool_2, serial_bayou_shore_a
Swamp:1:  layout_falls_marsh, evilmike_swamp_ruin_rubble_2
Swamp:2:  layout_basic_swamp, nicolae_swamp_godswood, uniq_mlioglotl
Swamp:3:  layout_basic_swamp, gammafunk_ghost_arena,
          evilmike_swamp_ruin_house_3, swamp_pool4, uniq_roxanne, uniq_mara
Swamp:4:  byrel_swamp_growth_death_and_undeath, layout_basic_swamp, swamp_pool1
Snake:1:  layout_chambers, minmay_shop_grove, grunt_megastairs_1
Snake:2:  layout_gridlike, nicolae_snake_storage_room, minmay_shop_star,
          uniq_donald
Snake:3:  layout_chambers, portal_ice_cave_entry_frozen_things,
          nicolae_snake_lava_pool
Snake:4:  johnstein_snake_rune_scales, layout_gridlike, drop_trap
Orc:1:    orc_temple, layout_caves, uniq_erica, uniq_fannar, uniq_jorgrun
Orc:2:    st_orc_open, layout_diamond_mine, basic_altar,
          kennysheep_orc_sif_temple
Elf:1:    eino_elf_arrival_customs, layout_loops_ring, orc_legates,
          hangedman_research_thanatology, uniq_azrael
Elf:2:    elven_hall_of_blades_hangedman_original [nicolae_blade_little_rooms],
          layout_loops_cross, portal_desolation_entry_salt, serial_shops,
          nicolae_shop_behind_doors, uniq_saint_roka
Elf:3:    minmay_elf_hall_hex, layout_gridlike, minivault_16, minmay_shoptagon,
          uniq_aizul
Vaults:1: v_alt_pattern_5, nicolae_vaults_ring_of_whatevers, v_misc_13,
          v_pattern_1, vaults_standard_mumra_enter_the_diamond,
          grunt_tower_of_power, nicolae_vaults_gold_heap,
          grunt_vaults_trifunnel, hangedman_vaults_maws, ontoclasm_vaults_twist,
          ontoclasm_vaults_gateway, v_misc_12, nicolae_vaults_asterisk,
          ontoclasm_vaults_shuriken, layout_vaults_maze_bifur, serial_shops,
          nicolae_shop_bloodbath_and_beyond
Vaults:2: nicolae_vaults_angled_halls, v_misc_29,
          nicolae_vaults_border_crossing, grunt_vaults_focal,
          ontoclasm_vaults_ring_square, st_lattice, dpeg_vaults_monster_row,
          nicolae_vaults_diagonal_hallway_6, nicolae_vaults_rhombus_7,
          vaults_dpeg_diagonal, layout_vaults_ring, uniq_margery
Vaults:3: hangedman_vaults_capsules, minmay_crypt_entry_skeletal_spiral,
          nicolae_vaults_ring_of_whatevers, hangedman_vaults_impose,
          layout_vaults_omnigrid
Vaults:4: vaults_mumra_minichess_inversion, ontoclasm_vaults_loading_screen,
          nicolae_vaults_puzzle_piece, nicolae_vaults_good_morning_starshine,
          serial_ice_h, ontoclasm_vaults_ring_small, ontoclasm_vaults_spin,
          nicolae_vaults_alarming, vaults_standard_mumra_x,
          ontoclasm_vaults_eye, ontoclasm_vaults_pinch,
          vaults_dpeg_encased_lava, layout_vaults_omnibox, uniq_sojobo
Vaults:5
Depths:1: layout_forbidden_donut, pf_coc_iceberg, rand_demon_pan_entry_4,
          drop_trap, nrook_pool_corridor, chequers_big_river, bloody_trog
Depths:2: minmay_inner_zag, layout_gridlike, serial_shops, shop, shop,
          nicolae_take_the_stairs, shop, gammafunk_ghost_crypt,
          grunt_pan_entry_zigzag, abyss_entry_small_statue_room,
          grunt_hell_entry_dis_grunt, infiniplex_staircase_zigzag_2
Depths:3: hangedman_stitches_corridor, layout_gridlike, enter_ziggurat_a,
          hell_entry, abyss_entry_crystal, serial_shops, bzr_entry_islet,
          minmay_staircase_windowed_small
Depths:4: evilmike_zot_entry_diamond, layout_cave_pools,
          amcnicky_mini_rare_corridor_liquid, serial_shops, nicolae_shop_trees,
          hell_entry, nicolae_figureground_pulse, uniq_vv

Skill      XL: |  1  2  3  4  5  6  7  8  9 10 11 12 13 14 15 16 17 18 19 20 21 22 23 24 25 |
---------------+----------------------------------------------------------------------------+-----
Axes           | 2 3 4 6 7 9 10 11 12 13 14 16 17 | 17.8
Armour         | 3 4 5 6 7 8 9 10 11 12 13 14 15 | 15.6
Shields        | 3 4 5 7 8 9 10 11 12 13 14 16 17 18 | 18.3
Dodging        | 1 2 3 4 |  4.4
Fighting       | 4 5 6 7 8 9 10 11 12 13 15 16 18 20 | 20.7
Invocations    | 1 4 6 8 11 12 14 15 17 18 19 20 21 22 23 | 23.2
Evocations     | 1 4 6 8 10 11 13 14 15 16 17 | 17.7
Throwing       | 1 2 3 4 |  4.5
Polearms       | 2 3 4 |  4.0
Necromancy     | 6 10 11 | 11.7
Spellcasting   | 2 3 |  3.3
Stealth        | |  0.4

Action                   |  1- 3 |  4- 6 |  7- 9 | 10-12 | 13-15 | 16-18 | 19-21 | 22-24 | 25-27 || total
-------------------------+-------+-------+-------+-------+-------+-------+-------+-------+-------++-------
Melee: War axe           |    65 |    61 |   280 |   321 |   235 |       |       |       |       ||   962
       Tailslap          |     1 |     7 |    43 |    45 |   125 |    83 |   236 |   296 |    61 ||   897
       Trident           |       |       |       |       |    54 |    11 |   165 |       |       ||   230
       Broad axe         |       |       |       |       |   449 |   413 |   925 |  1033 |   221 ||  3041
Throw: Stone             |     4 |     4 |       |       |       |       |       |       |       ||     8
       Boomerang         |       |       |     2 |     1 |    45 |     1 |    11 |     3 |     5 ||    68
 Cast: Animate Dead      |       |       |       |       |       |       |       |     8 |    16 ||    24
       Vampiric Draining |       |       |       |       |       |       |       |     4 |       ||     4
Invok: Elemental Force   |       |       |       |     1 |     8 |     2 |     8 |       |       ||    19
       Upheaval          |       |       |       |     1 |     3 |     1 |    12 |     2 |     2 ||    21
       Disaster Area     |       |       |       |       |       |       |     1 |       |       ||     1
 Abil: Evoke Invisibilit |       |       |       |       |       |       |     1 |       |       ||     1
       Word of Chaos     |       |       |       |       |       |       |       |       |     1 ||     1
Evoke: Wand              |       |       |       |     4 |     1 |       |     5 |       |       ||    10
       Condenser vane    |       |       |       |       |       |       |     4 |     3 |     1 ||     8
       Lightning rod     |       |       |       |       |       |       |     1 |       |       ||     1
       Phantom mirror    |       |       |       |       |       |       |       |     1 |       ||     1
  Use: Potion            |       |     5 |     2 |     2 |     1 |     1 |     6 |     1 |     3 ||    21
       Scroll            |       |     6 |    17 |     2 |     6 |     3 |    14 |     2 |     1 ||    51
 Stab: Distracted        |       |       |       |       |     9 |    11 |    28 |    35 |     2 ||    85
       Paralysed         |       |       |       |       |     3 |       |     1 |       |       ||     4
       Confused          |       |       |       |       |       |       |     2 |       |       ||     2
       Invisible         |       |       |       |       |       |       |     2 |       |       ||     2
Armor: Scale mail        |    28 |       |       |       |       |       |       |       |       ||    28
       Plate armour      |     3 |    50 |   178 |   193 |   360 |   208 |   645 |   320 |    64 ||  2021
Dodge: Dodged            |    35 |    19 |    67 |    81 |   177 |    96 |   267 |   227 |    24 ||   993
       Repelled          |       |       |       |     1 |     7 |     7 |    31 |    12 |       ||    58
Block: Buckler           |    19 |    16 |   101 |   192 |   585 |   337 |       |   482 |   195 ||  1927
       Kite shield       |       |       |       |       |       |    21 |  1485 |   563 |       ||  2069
       Reflection        |       |       |       |       |       |     7 |   150 |   153 |    20 ||   330

Table legend: (Time is in decaauts)
 A = Elapsed time spent in this place.
 B = Non-inter-level travel time spent in this place.
 C = Inter-level travel time spent in this place.
 D = Time resting spent in this place.
 E = Time spent auto-exploring this place.
 F = Levels seen in this place.
 G = Mean time per level.
                   A        B        C        D        E       F      G
               +--------+--------+--------+--------+--------+-----+--------+
         Total |  57938 |  51087 |   6851 |   4524 |  25508 |  51 | 1136.0 |
       Dungeon |  16599 |  13678 |   2921 |    926 |   7166 |  15 | 1106.6 |
        Temple |    154 |    154 |      0 |      0 |    114 |   1 |  154.0 |
          Lair |   6984 |   5923 |   1061 |     98 |   3677 |   6 | 1164.0 |
         Swamp |   3706 |   3376 |    330 |    345 |   1701 |   4 |  926.5 |
     Snake Pit |   5870 |   5262 |    608 |    352 |   3086 |   4 | 1467.5 |
  Orcish Mines |   2650 |   2386 |    264 |    196 |    775 |   2 | 1325.0 |
   Elven Halls |   4530 |   3815 |    715 |    487 |   1253 |   3 | 1510.0 |
        Vaults |   9469 |   8796 |    673 |   1116 |   4514 |   5 | 1893.8 |
        Depths |   5013 |   4738 |    275 |    863 |   2326 |   4 | 1253.2 |
         Abyss |    169 |    169 |      0 |      0 |      0 |   1 |  169.0 |
        Bazaar |     69 |     69 |      0 |      0 |     30 |   1 |   69.0 |
         Trove |    136 |    136 |      0 |      0 |      0 |   1 |  136.0 |
       Ossuary |    553 |    553 |      0 |      0 |     75 |   1 |  553.0 |
      Ice Cave |    928 |    928 |      0 |    137 |    347 |   1 |  928.0 |
       Volcano |    192 |    192 |      0 |      0 |     33 |   1 |  192.0 |
    Desolation |    910 |    910 |      0 |      4 |    408 |   1 |  910.0 |
               +--------+--------+--------+--------+--------+-----+--------+

Top non-repeatable levels by time:
Vaults:4: 3004 daAuts
Depths:3: 2530 daAuts
    D:12: 2158 daAuts
Vaults:1: 1810 daAuts
     D:9: 1782 daAuts
 Snake:1: 1765 daAuts
Vaults:5: 1752 daAuts
Depths:2: 1712 daAuts
 Snake:4: 1661 daAuts
    D:13: 1613 daAuts
   Elf:1: 1599 daAuts
   Elf:3: 1584 daAuts
Vaults:3: 1516 daAuts
 Snake:3: 1516 daAuts
   Orc:1: 1459 daAuts
